 Dungeon Crawl Stone Soup version 0.31-a0-1178-gc5c9b8f871 (webtiles) character file.

Game seed: 3169037690375863252

72 qw the Shooter (level 4, -7/28 HPs)
             Began as a Gargoyle Hunter on Dec 11, 2023.
             Killed from afar by an orc wizard (8 damage)
             ... with a magic dart
             ... on level 3 of the Dungeon.
             The game lasted 00:00:38 (1733 turns).

qw the Shooter (Gargoyle Hunter)                    Turns: 1733, Time: 00:00:38

Health: -7/28      AC:  7    Str: 15    XL:     4   Next: 25%
Magic:  4/4        EV: 11    Int:  9    God:
Gold:   6          SH:  0    Dex: 15    Spells: 3/3 levels left

rFire   . . .        a - +0 shortbow
rCold   . . .        (shield currently unavailable)
rNeg    + + .        c - +0 leather armour
rPois   inf          (no helmet)
rElec   +            (no cloak)
rCorr   .            i - +0 pair of gloves
SInv    .            (no boots)
Will    .....        (no amulet)
Stlth   ++           j - ring of positive energy
HPRegen 0.24/turn    (no ring)
MPRegen 0.09/turn

%: no passive effects
@: about to teleport
A: sickness immunity, AC +3, negative energy resistance 1, electricity
resistance, torment resistance 1, petrification resistance
a: no special abilities


You were on level 3 of the Dungeon.
You visited 1 branch of the dungeon, and saw 3 of its levels.

You collected 48 gold pieces.
You spent 42 gold pieces at shops.


Innate Abilities, Weirdness & Mutations

You are immune to sickness and miasma.
Your stone body is resilient. (AC +3)
You are immune to poison.
You resist negative energy. (rN+)
You are resistant to electric shocks. (rElec)
You are resistant to unholy torment.
You are immune to petrification.


   Skills:
 - Level 3.2 Fighting
 + Level 5.2 Ranged Weapons
 - Level 1.5 Dodging
 - Level 1.1 Stealth


You had 3 spell levels left.
You didn't know any spells.
Your spell library was empty.

Inventory:

Hand Weapons
 a - a +0 shortbow (weapon)
Armour
 c - a +0 leather armour (worn)
 i - a +0 pair of gloves (worn)
Jewellery
 g - a ring of fire
 j - a ring of positive energy (left hand)
Scrolls
 b - a scroll of identify
Potions
 d - 2 potions of curing
 e - a potion of cancellation
 f - a potion of resistance

Dungeon Overview and Level Annotations

Branches:
Dungeon (3/15)

Altars:

Shops:
D:2 !


Message History

The orc is moderately wounded.
The orc barely misses you.
You shoot an arrow. The arrow barely misses the orc.
The orc hits you but does no damage.
You shoot an arrow. The arrow barely misses the orc.
You shoot an arrow. The arrow hits the orc.
The orc is severely wounded.
The orc misses you.
You shoot an arrow. The arrow closely misses the orc.
The orc hits you with a +0 club. The orc hits you but does no damage.
The orc hits you with a +0 whip. The orc hits you with a +0 club.
You shoot an arrow. The arrow hits the orc!
You kill the orc!
You hear some strange, mumbled words.
Something tries to affect you, but you resist.
You shoot an arrow. The arrow barely misses the orc.
The orc hits you but does no damage.
A magic dart appears from out of thin air!
The magic dart hits you but does no damage.
You shoot an arrow. The arrow hits the orc!
You kill the orc!
A magic dart appears from out of thin air!
The magic dart hits you.
The orc priest mumbles some strange prayers to Beogh against you.
Beogh smites you!
You shoot an arrow. The arrow hits the orc priest.
The orc priest is heavily wounded.
The orc priest mumbles some strange prayers to Beogh against you.
Beogh smites you!
1731 ||| READING scroll of teleportation.
As you read the scroll of teleportation, it crumbles to dust.
You feel strangely unstable. Something hits you.
You shoot an arrow. Something hits you.
You shoot an arrow.
You hear some strange, mumbled words.
A magic dart appears from out of thin air!
The magic dart hits you!
You die...

#........#
####.......<#
#..........#
#.####.#####...
#...#..........
#......#####...
#...#..#
########..#.##
#.....@)..#)#
#.#####{#.#.#
#o..#....
{o..#o###.#
.oo####.. ....
.> ... ... ....
### ####


You could see an orc priest.

Vanquished Creatures
  2 gnolls (D:3)
  An adder (D:3)
  A worm (D:2)
  A dart slug (D:2)
  3 orcs (D:3)
  A ball python (D:1)
  3 bats
  4 endoplasms
  A giant cockroach (D:3)
  3 goblins
  3 hobgoblins
  2 quokkas (D:1)
  4 frilled lizards
  3 kobolds (D:1)
  2 rats
34 creatures vanquished.

Notes
Turn   | Place    | Note
-------+----------+-------------------------------------------
     0 | D:1      | qw the Gargoyle Hunter began the quest for the Orb.
     0 | D:1      | Reached XP level 1. HP: 12/12 MP: 1/1
     0 | D:1      | 0 ||| qw: Version: 0.3-a-106-g2cfff9e
     0 | D:1      | 0 ||| qw: Game counter: 1956
     0 | D:1      | 0 ||| qw: Melee chars always use a shield: true
     0 | D:1      | 0 ||| qw: God list: Okawaru
     0 | D:1      | 0 ||| qw: Allow faded altars: false
     0 | D:1      | 0 ||| qw: Do Orc after clearing Dungeon:15 true
     0 | D:1      | 0 ||| qw: Do second Lair branch before Depths: true
     0 | D:1      | 0 ||| qw: Lair rune preference: random
     0 | D:1      | 0 ||| qw: Goals: Normal, Save, Zot:1-4, Win
     0 | D:1      | 0 ||| PLANNING D:1-11
   202 | D:1      | Reached XP level 2. HP: 17/17 MP: 2/2
   862 | D:1      | 862 ||| READING 2 scrolls labelled MYUHAIMOIM.
   862 | D:1      | 862 ||| IDENTIFYING sapphire potion
   863 | D:1      | 863 ||| READING scroll of identify.
   863 | D:1      | 863 ||| IDENTIFYING smoky black potion
   864 | D:1      | 864 ||| READING scroll labelled BITULE HACU.
   865 | D:1      | 865 ||| DROPPING scroll of butterflies.
  1016 | D:2      | Reached XP level 3. HP: 21/21 MP: 3/3
  1246 | D:2      | Reached skill level 5 in Ranged Weapons
  1327 | D:2      | 1327 ||| FLEEEEING.
  1451 | D:2      | Found Kuklypn's Distillery.
  1460 | D:2      | 1460 ||| SHOPLISTING potion of cancellation (112 gold, have
                  | 42).
  1460 | D:2      | 1460 ||| BUYING potion of curing (42 gold).
  1460 | D:2      | Bought a potion of curing for 42 gold pieces
  1460 | D:2      | 1460 ||| SHOPLISTING potion of enlightenment (70 gold, have
                  | 0).
  1460 | D:2      | 1460 ||| SHOPLISTING potion of heal wounds (70 gold, have
                  | 0).
  1460 | D:2      | 1460 ||| SHOPLISTING potion of mutation (112 gold, have 0).
  1543 | D:2      | 1543 ||| UPGRADING to +0 pair of gloves.
  1548 | D:2      | 1548 ||| UPGRADING to ring of positive energy.
  1549 | D:2      | 1549 ||| READING 2 scrolls of identify.
  1549 | D:2      | 1549 ||| IDENTIFYING bubbling emerald potion
  1550 | D:2      | 1550 ||| READING scroll of identify.
  1550 | D:2      | 1550 ||| IDENTIFYING scroll labelled AVIDISH GIONN
  1551 | D:2      | 1551 ||| READING 3 scrolls labelled KOMNES NEZIEPS.
  1555 | D:2      | 1555 ||| DROPPING scroll of fog.
  1604 | D:3      | Reached skill level 3 in Fighting
  1606 | D:3      | HP: 3/23 [gnoll/+0 flail (5)]
  1607 | D:3      | 1607 ||| READING 2 scrolls of teleportation.
  1609 | D:3      | Reached XP level 4. HP: 4/28 MP: 4/4
  1720 | D:3      | 1720 ||| Stepping ~*~*~tactically~*~*~ (retreating).
  1730 | D:3      | HP: 4/28 [orc priest/divine providence (7)]
  1731 | D:3      | 1731 ||| READING scroll of teleportation.
  1732 | D:3      | HP: 1/28 [something (2)]
  1733 | D:3      | Killed from afar by an orc wizard

Levels and vault maps discovered:
D:1:      minmay_arrival_hallway, layout_basic
D:2:      layout_rooms, serial_shops, shop, roderic_lattice_a
D:3:      layout_basic

Skill      XL: |  1  2  3 |
---------------+----------+-----
Ranged Weapons | 5 |  5.2
Fighting       | 3 |  3.2
Dodging        | |  1.5
Stealth        | |  1.1

Action                     |  1- 3 |  4- 6 || total
---------------------------+-------+-------++-------
   Fire: Shortbow          |   118 |    17 ||   135
    Use: Scroll            |     7 |     1 ||     8
 Armour: Leather armour    |    33 |    11 ||    44
  Dodge: Dodged            |    43 |     2 ||    45

Table legend:
 A = Non-vault XP
 B = Vault XP
 C = Vault XP percentage of total XP
 D = Non-vault monster count
 E = Vault monster count
 F = Vault count percentage of total count
                 A         B        C        D         E       F
            +---------+---------+-------+---------+---------+-------
      Total |     103 |       0 |   0.0 |      34 |       0 |   0.0
            +---------+---------+-------+---------+---------+-------
        D:1 |      27 |       0 |   0.0 |      16 |       0 |   0.0
        D:2 |      23 |       0 |   0.0 |      11 |       0 |   0.0
        D:3 |      53 |       0 |   0.0 |       7 |       0 |   0.0
            +---------+---------+-------+---------+---------+-------
